 Dungeon Crawl Stone Soup version 0.32-a0-814-g0968bab981 (webtiles) character file.

Game seed: 2653916867123993559

256 smashvw the Trooper (level 5, 0/48 HPs)
             Began as a Minotaur Monk on Mar 23, 2024.
             Was an Elder of Elyvilon.
             Slain by a hobgoblin
             ... wielding a +1 long sword of holy wrath
              (5 damage)
             ... on level 3 of the Dungeon.
             The game lasted 00:03:19 (1739 turns).

smashvw the Trooper (Minotaur Monk)                 Turns: 1739, Time: 00:03:19

Health: 0/48       AC:  2    Str: 17    XL:     5   Next: 92%
Magic:  5/5        EV: 12    Int:  7    God:    Elyvilon [****..]
Gold:   88         SH:  0    Dex: 13    Spells: 4/4 levels left

rFire   . . .        a - +0 hand axe
rCold   . . .        d - orb {light}
rNeg    . . .        b - +0 robe
rPois   .            (helmet restricted)
rElec   .            (no cloak)
rCorr   .            (no gloves)
SInv    .            (no boots)
Will    .....        (no amulet)
Stlth   +            (no ring)
HPRegen 0.28/turn    (no ring)
MPRegen 0.09/turn

%: no passive effects
@: glowing
A: horns 2, retaliatory headbutt
a: Renounce Religion, Purification, Heal Other, Heal Self


You were on level 3 of the Dungeon.
You worshipped Elyvilon.
Elyvilon was greatly pleased with you.
You visited 1 branch of the dungeon, and saw 3 of its levels.

You collected 88 gold pieces.

Inventory:

Hand Weapons
 a - a +0 hand axe (weapon)
Armour
 b - a +0 robe (worn)
 d - an orb of light (worn)
Jewellery
 q - a ring of resist corrosion
Wands
 j - a wand of paralysis (7)
Scrolls
 e - 2 scrolls of poison {unknown}
 f - 2 scrolls of fear {unknown}
 g - a scroll of immolation {unknown}
 h - 5 scrolls of identify {unknown}
 m - 3 scrolls of teleportation {unknown}
 o - a scroll of vulnerability {unknown}
 p - a scroll of revelation {unknown}
Potions
 c - a potion of ambrosia
 i - a potion of invisibility {unknown}
 k - 2 potions of curing {unknown}
 l - a potion of brilliance {unknown}
 n - a potion of mutation {unknown}


   Skills:
 + Level 5.2 Fighting
 + Level 5.1 Axes
 + Level 3.3 Armour
 - Level 3.2 Dodging
 + Level 2.3 Invocations


You had 4 spell levels left.
You didn't know any spells.
Your spell library was empty.

Dungeon Overview and Level Annotations

Branches:
Dungeon (3/15)

Altars:
Elyvilon


Innate Abilities, Weirdness & Mutations

You have a pair of horns on your head.
You reflexively headbutt those who attack you in melee.


Message History

You hit the adder but do no damage.
The adder is severely wounded.
The adder bites you.
You are poisoned.
The adder poisons you!
You closely miss the adder.
The adder is severely wounded.
You feel sick. The adder bites you.
You are more poisoned.
The adder poisons you! The adder bites you but does no damage.
You slash the adder!
You kill the adder!
You feel sick.
You start resting.
You feel sick.
Magic restored.
You feel sick.
You start resting.
You feel sick. x4
You are no longer poisoned.
A hobgoblin comes into view. It is wielding a +0 sling.
The hobgoblin shouts!
The hobgoblin shoots a sling bullet.
The sling bullet hits you.
* * * LOW HITPOINT WARNING * * *
The hobgoblin shoots a sling bullet.
The sling bullet hits you!
* * * LOW HITPOINT WARNING * * *
The hobgoblin shoots a sling bullet.
The sling bullet barely misses you.
An endoplasm comes into view.
A rat comes into view.
The rat squeaks loudly.
The rat bites you.
* * * LOW HITPOINT WARNING * * *
You completely miss the rat. The rat bites you but does no damage.
You hit the rat.
You kill the rat!
The hobgoblin shoots a sling bullet.
The sling bullet barely misses you.
The hobgoblin shoots a sling bullet.
The sling bullet hits you.
* * * LOW HITPOINT WARNING * * *
The hobgoblin unwields a +0 sling.
The hobgoblin wields a +1 long sword of holy wrath.
It softly glows with a divine radiance!
The hobgoblin hits you with a +1 long sword of holy wrath.
You die...

######### ##.....@.#
.....#####g# ####.
#.####### #.##
#.......# #.# #...#
#.#.#.#.# #.#
#...###.......#
#.######.......#.#....
#.#...................
#.#.#####..#.##.###...


You could see a hobgoblin.

Vanquished Creatures
  Sigmund (D:3)
  5 adders
  2 dart slugs
  6 ball pythons
  5 endoplasms
  7 goblins
  4 hobgoblins
  4 bats
  2 frilled lizards
  6 kobolds
  7 rats
49 creatures vanquished.

Notes
Turn   | Place    | Note
-------+----------+-------------------------------------------
     0 | D:1      | smashvw the Minotaur Monk began the quest for the Orb.
     0 | D:1      | Reached XP level 1. HP: 19/19 MP: 0/0
    97 | D:1      | Found a faded altar of an unknown god.
   123 | D:1      | Prayed at the altar of an unknown god.
   123 | D:1      | Became a worshipper of Elyvilon the Healer
   123 | D:1      | Reached * piety under Elyvilon
   123 | D:1      | Reached ** piety under Elyvilon
   133 | D:1      | Reached skill level 1 in Armour
   133 | D:1      | Reached XP level 2. HP: 27/27 MP: 1/1
   221 | D:1      | Reached *** piety under Elyvilon
   692 | D:2      | Reached XP level 3. HP: 27/33 MP: 2/2
   991 | D:2      | Reached skill level 1 in Invocations
  1187 | D:2      | Reached **** piety under Elyvilon
  1383 | D:2      | Reached XP level 4. HP: 38/41 MP: 3/3
  1652 | D:3      | Noticed Sigmund
  1663 | D:3      | Killed Sigmund
  1664 | D:3      | Reached skill level 5 in Fighting
  1664 | D:3      | Reached skill level 5 in Axes
  1664 | D:3      | Reached XP level 5. HP: 18/48 MP: 1/5
  1739 | D:3      | Slain by a hobgoblin

Illustrated notes

Levels and vault maps discovered:
D:1:      psy_arrival_conway, layout_loops_cross, basic_ecumenical_altar,
          st_stairs_10
D:2:      layout_basic, nicolae_figureground_pulse
D:3:      layout_loops_ring, mainiacjoe_overflow_cross_hatched,
          gammafunk_ghost_nasty_kobolds, uniq_sigmund

Skill      XL: |  1  2  3  4 |
---------------+-------------+-----
Armour         | 1 2 3 |  3.3
Axes           | 4 5 |  5.1
Fighting       | 4 5 |  5.2
Invocations    | 1 2 |  2.3
Dodging        | |  3.2

Action                     |  1- 3 |  4- 6 || total
---------------------------+-------+-------++-------
  Melee: Hand axe          |    71 |    26 ||    97
         Headbutt          |    15 |     5 ||    20
 Invoke: Heal Self         |       |     1 ||     1
 Armour: Robe              |    30 |    21 ||    51
  Dodge: Dodged            |    40 |     9 ||    49

Table legend: (Time is in decaauts)
 A = Elapsed time spent in this place.
 B = Non-inter-level travel time spent in this place.
 C = Inter-level travel time spent in this place.
 D = Time resting spent in this place.
 E = Time spent auto-exploring this place.
 F = Levels seen in this place.
 G = Mean time per level.
                   A        B        C        D        E       F      G
               +--------+--------+--------+--------+--------+-----+--------+
         Total |   1751 |   1693 |     58 |      6 |   1409 |   3 |  583.7 |
       Dungeon |   1751 |   1693 |     58 |      6 |   1409 |   3 |  583.7 |
               +--------+--------+--------+--------+--------+-----+--------+

Top non-repeatable levels by time:
     D:2: 969 daAuts
     D:1: 660 daAuts
     D:3: 122 daAuts
